TOP OF THE 1ST |
Washington State University Cougars batting - Pitching for Wichita State University Shockers : RHP Boboy Cacabelos
|
Pitching: RHP Boboy Cacabelos
|
|
Batting: LHB David Jackson
|
0-0: Fly out, F9 (Flyball, 89S, EV 85.0 MPH)
|
Batting: RHB Miguel Paredes
|
0-0: Fly out, F7 (Line Drive, 7D, EV 104.4 MPH)
|
Batting: LHB Scott Spillers
|
0-0: Ball 1-0: SINGLE (Groundball, 4M, EV 100.0 MPH) (infield hit)
|
Batting: SHB Juan Delanoval
|
0-0: Ball 1-0: Called Strike 1-1: SINGLE (Groundball, 34, EV 88.8 MPH) (infield hit) Scott Spillers to second
|
Batting: LHB Israel Ariza
|
0-0: Ball 1-0: Called Strike 1-1: Foul Ball, location: 2F 1-2: Foul Ball, location: 2F 1-2: Foul Ball, location: 2F 1-2: 3-RUN HOME RUN (Flyball, 89XD, EV 101.2 MPH), Distance : 412 ft
|
Batting: RHB Wil Gonzales
|
0-0: Foul Ball, location: 2F 0-1: Called Strike 0-2: SINGLE (Line Drive, 7LS, EV 103.1 MPH)
|
Batting: LHB Rex Creswell
|
0-0: Foul Ball, location: 2F 0-1: Ball 1-1: Foul Ball, location: 2F 1-2: Ball 2-2: Ball 3-2: Fly out, F7 (Flyball, 78M, EV 91.9 MPH)
|
Top of the 1st over - 3 runs, 4 hits, 0 errors, 1 left on base; Washington State University 3 - Wichita State University 0 |
BOTTOM OF THE 1ST |
Wichita State University Shockers batting - Pitching for Washington State University Cougars : RHP Ty Misner
|
Pitching: RHP Ty Misner
|
|
Batting: RHB Alex Zeledon
|
0-0: Ball 1-0: Swinging Strike 1-1: Ground out 6-3 (Groundball, 6, EV 88.8 MPH)
|
Batting: RHB Lucio Baratta
|
0-0: Fly out, F7 (Flyball, 7, EV 76.9 MPH)
|
Batting: LHB Carlos Flores
|
0-0: Ball 1-0: Ball 2-0: Ball 3-0: Called Strike 3-1: Called Strike 3-2: Strikes out looking
|
Bottom of the 1st over - 0 runs, 0 hits, 0 errors, 0 left on base; Washington State University 3 - Wichita State University 0 |
TOP OF THE 2ND |
Washington State University Cougars batting - Pitching for Wichita State University Shockers : RHP Boboy Cacabelos
|
Batting: RHB Ryan Toth
|
0-0: SINGLE (Line Drive, 34D, EV 105.0 MPH)
|
Batting: RHB Joe Weber
|
0-0: Ball 1-0: Fly out, F8 (Flyball, 8LM, EV 85.6 MPH)
|
Batting: LHB David Jackson
|
0-0: Ball 1-0: Grounds into double play, 4-6-3 (Groundball, 4, EV 81.9 MPH)
|
Top of the 2nd over - 0 runs, 1 hit, 0 errors, 0 left on base; Washington State University 3 - Wichita State University 0 |
BOTTOM OF THE 2ND |
Wichita State University Shockers batting - Pitching for Washington State University Cougars : RHP Ty Misner
|
Pitching: RHP Jose Flores
|
|
Batting: RHB Byron Whitehead
|
0-0: Ball 1-0: Ball 2-0: Called Strike 2-1: Fly out, F7 (Flyball, 7D, EV 103.1 MPH)
|
Batting: RHB Marvin Coffey
|
0-0: Foul Ball, location: 2F 0-1: Swinging Strike 0-2: Strikes out looking
|
Batting: RHB Jordan Carr
|
0-0: SINGLE (Flyball, 89S, EV 96.2 MPH)
|
Batting: LHB Troy Davies
|
0-0: Ball 1-0: Called Strike 1-1: Ground out U3 (Groundball, 34, EV 80.6 MPH)
|
Bottom of the 2nd over - 0 runs, 1 hit, 0 errors, 1 left on base; Washington State University 3 - Wichita State University 0 |
TOP OF THE 3RD |
Washington State University Cougars batting - Pitching for Wichita State University Shockers : RHP Boboy Cacabelos
|
Batting: RHB Miguel Paredes
|
0-0: Ball 1-0: Ball 2-0: Ball 3-0: Base on Balls
|
Batting: LHB Scott Spillers
|
0-0: Ball 1-0: Foul Ball, location: 2F 1-1: Ball 2-1: Called Strike 2-2: Strikes out looking
|
Batting: SHB Juan Delanoval
|
0-0: Grounds into double play, 4-6-3 (Groundball, 34, EV 104.4 MPH)
|
Top of the 3rd over - 0 runs, 0 hits, 0 errors, 0 left on base; Washington State University 3 - Wichita State University 0 |
BOTTOM OF THE 3RD |
Wichita State University Shockers batting - Pitching for Washington State University Cougars : RHP Jose Flores
|
Batting: RHB Jeff Grant
|
0-0: Ball 1-0: Ball 2-0: Fly out, F8 (Flyball, 8LXD, EV 91.9 MPH)
|
Batting: SHB Peter Faggard
|
0-0: Ball 1-0: Ball 2-0: Ball 3-0: Called Strike 3-1: Called Strike 3-2: Fly out, F7 (Flyball, 7D, EV 105.0 MPH)
|
Batting: RHB Alex Zeledon
|
0-0: Called Strike 0-1: Hit by Pitch
|
Batting: RHB Lucio Baratta
|
0-0: Ball 1-0: Called Strike 1-1: Called Strike 1-2: Foul Ball, location: 2F 1-2: Strikes out swinging
|
Bottom of the 3rd over - 0 runs, 0 hits, 0 errors, 1 left on base; Washington State University 3 - Wichita State University 0 |
TOP OF THE 4TH |
Washington State University Cougars batting - Pitching for Wichita State University Shockers : RHP Boboy Cacabelos
|
Batting: LHB Israel Ariza
|
0-0: Ground out 4-3 (Groundball, 4, EV 98.1 MPH)
|
Pitching: LHP Greg Burton
|
|
Batting: RHB Wil Gonzales
|
0-0: Ball 1-0: Ground out 1-3 (Groundball, P, EV 69.4 MPH)
|
Batting: LHB Rex Creswell
|
0-0: Called Strike 0-1: Ground out U3 (Groundball, 3L, EV 115.0 MPH)
|
Top of the 4th over - 0 runs, 0 hits, 0 errors, 0 left on base; Washington State University 3 - Wichita State University 0 |
BOTTOM OF THE 4TH |
Wichita State University Shockers batting - Pitching for Washington State University Cougars : RHP Jose Flores
|
Batting: LHB Carlos Flores
|
0-0: Ball 1-0: Ball 2-0: Ball 3-0: Called Strike 3-1: Swinging Strike 3-2: Foul Ball, location: 2F 3-2: Foul Ball, location: 2F 3-2: Base on Balls
|
Pitching: LHP Scott Purcell
|
|
Batting: RHB Byron Whitehead
|
0-0: Ball 1-0: Foul Ball, location: 2F 1-1: Foul Ball, location: 2F 1-2: Foul Ball, location: 2F 1-2: Ball 2-2: SINGLE (Groundball, 56D, EV 101.9 MPH) Carlos Flores to second
|
Batting: RHB Marvin Coffey
|
0-0: Fly out, F4 (Popup, 4M, EV 54.4 MPH)
|
Batting: RHB Jordan Carr
|
0-0: Swinging Strike 0-1: Ball 1-1: Foul Ball, location: 2F 1-2: Strikes out swinging
|
Batting: LHB Troy Davies
|
0-0: Foul Ball, location: 2F 0-1: Hit by Pitch Carlos Flores to third Byron Whitehead to second
|
Batting: RHB Jeff Grant
|
0-0: Ball 1-0: Ball 2-0: Ball 3-0: Called Strike 3-1: Fielders Choice at 2nd, 6-4 (Groundball, 6, EV 109.4 MPH)
|
Bottom of the 4th over - 0 runs, 1 hit, 0 errors, 3 left on base; Washington State University 3 - Wichita State University 0 |
TOP OF THE 5TH |
Washington State University Cougars batting - Pitching for Wichita State University Shockers : LHP Greg Burton
|
Batting: RHB Ryan Toth
|
0-0: Ball 1-0: Called Strike 1-1: SINGLE (Groundball, 34D, EV 105.0 MPH)
|
Batting: RHB Joe Weber
|
0-0: Ball 1-0: Foul Ball, location: 2F 1-1: Fly out, F8 (Line Drive, 8LM, EV 86.9 MPH)
|
Batting: LHB David Jackson
|
0-0: Called Strike 0-1: Ball 1-1: Swinging Strike 1-2: Strikes out swinging
|
Batting: RHB Miguel Paredes
|
0-0: Called Strike 0-1: Ground out 1-3 (Groundball, 15, EV 73.1 MPH)
|
Top of the 5th over - 0 runs, 1 hit, 0 errors, 1 left on base; Washington State University 3 - Wichita State University 0 |
BOTTOM OF THE 5TH |
Wichita State University Shockers batting - Pitching for Washington State University Cougars : LHP Scott Purcell
|
Batting: SHB Peter Faggard
|
0-0: Ball 1-0: Ball 2-0: Called Strike 2-1: Called Strike 2-2: Foul Ball, location: 2F 2-2: Ball 3-2: Ground out 5-3 (Groundball, 56, EV 78.1 MPH)
|
Batting: RHB Alex Zeledon
|
0-0: Called Strike 0-1: Foul Ball, location: 2F 0-2: Fly out, F7 (Line Drive, 7, EV 91.9 MPH)
|
Batting: RHB Lucio Baratta
|
0-0: Foul Ball, location: 2F 0-1: Ground out 6-3 (Groundball, 6S, EV 86.2 MPH)
|
Bottom of the 5th over - 0 runs, 0 hits, 0 errors, 0 left on base; Washington State University 3 - Wichita State University 0 |
TOP OF THE 6TH |
Washington State University Cougars batting - Pitching for Wichita State University Shockers : LHP Greg Burton
|
Batting: LHB Scott Spillers
|
0-0: Ball 1-0: Called Strike 1-1: Foul Ball, location: 2F 1-2: Ball 2-2: Ball 3-2: SINGLE (Line Drive, 6MD, EV 102.5 MPH)
|
Pitching: LHP Éric Duval
|
|
Batting: SHB Juan Delanoval
|
0-0: Ball 1-0: Ball 2-0: Called Strike 2-1: Called Strike 2-2: Strikes out swinging
|
Batting: LHB Israel Ariza
|
0-0: Foul Ball, location: 2F 0-1: Fly out, F8 (Flyball, 8RXD, EV 99.4 MPH)
|
Batting: RHB Wil Gonzales
|
0-0: Called Strike 0-1: Called Strike 0-2: Foul Ball, location: 2F 0-2: Ball 1-2: Foul Ball, location: 2F 1-2: Ball 2-2: Fly out, F9 (Flyball, 89S, EV 90.6 MPH)
|
Top of the 6th over - 0 runs, 1 hit, 0 errors, 1 left on base; Washington State University 3 - Wichita State University 0 |
BOTTOM OF THE 6TH |
Wichita State University Shockers batting - Pitching for Washington State University Cougars : LHP Scott Purcell
|
Batting: LHB Carlos Flores
|
0-0: Called Strike 0-1: Ball 1-1: Called Strike 1-2: Ball 2-2: Foul Ball, location: 2F 2-2: Fly out, F8 (Flyball, 8LM, EV 92.5 MPH)
|
Pitching: RHP Bob Donovan
|
|
Batting: RHB Byron Whitehead
|
0-0: Swinging Strike 0-1: Ball 1-1: Called Strike 1-2: Foul Ball, location: 2F 1-2: Ball 2-2: Foul Ball, location: 2F 2-2: Ball 3-2: Ground out 1-3 (Groundball, 15S, EV 73.1 MPH)
|
Batting: RHB Marvin Coffey
|
0-0: Called Strike 0-1: Ball 1-1: Ball 2-1: Ball 3-1: Fly out, F8 (Flyball, 78M, EV 83.1 MPH)
|
Bottom of the 6th over - 0 runs, 0 hits, 0 errors, 0 left on base; Washington State University 3 - Wichita State University 0 |
TOP OF THE 7TH |
Washington State University Cougars batting - Pitching for Wichita State University Shockers : LHP Éric Duval
|
Pitching: RHP Ryan Chase
|
|
Batting: LHB Rex Creswell
|
0-0: Called Strike 0-1: Swinging Strike 0-2: Ball 1-2: Strikes out swinging
|
Batting: RHB Ryan Toth
|
0-0: Ball 1-0: Foul Ball, location: 2F 1-1: Called Strike 1-2: Ground out 3-1 (Groundball, 34S, EV 82.5 MPH)
|
Batting: RHB Joe Weber
|
0-0: Ball 1-0: Ball 2-0: Foul Ball, location: 2F 2-1: SINGLE (Flyball, 6MD, EV 86.9 MPH)
|
Batting: LHB David Jackson
|
0-0: Ball 1-0: SINGLE (Groundball, 3D, EV 103.1 MPH) Joe Weber to second Runner from 2nd tries for 3rd, SAFE, no throw by RF
|
Batting: RHB Miguel Paredes
|
0-0: Ball 1-0: SINGLE (Line Drive, 8LS, EV 99.4 MPH) Joe Weber scores David Jackson to second Runner from 2nd tries for 3rd, SAFE, throw by CF made to third
|
Pitching: LHP Jacob Seymour
|
|
Batting: LHB Scott Spillers
|
0-0: Fielders Choice at 2nd, 6-4 (Groundball, 4M, EV 83.8 MPH)
|
Top of the 7th over - 1 run, 3 hits, 0 errors, 2 left on base; Washington State University 4 - Wichita State University 0 |
BOTTOM OF THE 7TH |
Wichita State University Shockers batting - Pitching for Washington State University Cougars : RHP Bob Donovan
|
Pitching: RHP Teddy Barber
|
|
Batting: RHB Jordan Carr
|
0-0: Called Strike 0-1: Swinging Strike 0-2: Foul Ball, location: 2F 0-2: Hit by Pitch
|
Batting: LHB Troy Davies
|
0-0: Called Strike 0-1: Called Strike 0-2: Ball 1-2: SINGLE (Groundball, 56D, EV 105.0 MPH) Jordan Carr to second
|
Batting: RHB Jeff Grant
|
0-0: Ball 1-0: Ball 2-0: Called Strike 2-1: Foul Ball, location: 2F 2-2: Ball Passed Ball! Jordan Carr to third Troy Davies to second 3-2: Strikes out swinging
|
Batting: SHB Peter Faggard
|
0-0: Fly out, F9 (Flyball, 9LD, EV 82.5 MPH) Runner from 3rd tags up, SCORES, throw by RF Troy Davies to third
|
Batting: RHB Alex Zeledon
|
0-0: Fly out, F3 (Popup, 3, EV 76.9 MPH)
|
Bottom of the 7th over - 1 run, 1 hit, 0 errors, 1 left on base; Washington State University 4 - Wichita State University 1 |
TOP OF THE 8TH |
Washington State University Cougars batting - Pitching for Wichita State University Shockers : LHP Jacob Seymour
|
Batting: SHB Juan Delanoval
|
0-0: DOUBLE (Line Drive, 89D, EV 106.2 MPH) - OUT at third base trying to stretch hit.
|
Batting: LHB Israel Ariza
|
0-0: Ball 1-0: Foul Ball, location: 2F 1-1: Called Strike 1-2: Ball 2-2: Foul Ball, location: 2F 2-2: Ground out 4-3 (Groundball, 4, EV 90.0 MPH)
|
Batting: RHB Wil Gonzales
|
0-0: Ball 1-0: Foul Ball, location: 2F 1-1: Foul Ball, location: 2F 1-2: Strikes out looking
|
Top of the 8th over - 0 runs, 1 hit, 0 errors, 0 left on base; Washington State University 4 - Wichita State University 1 |
BOTTOM OF THE 8TH |
Wichita State University Shockers batting - Pitching for Washington State University Cougars : RHP Teddy Barber
|
Pitching: RHP Lance Fisher
|
|
Batting: RHB Lucio Baratta
|
0-0: Ball 1-0: Called Strike 1-1: SINGLE (Line Drive, 8LS, EV 95.0 MPH)
|
Batting: LHB Carlos Flores
|
0-0: Ball 1-0: Foul Ball, location: 2F 1-1: SINGLE (Groundball, 4MD, EV 101.2 MPH) Lucio Baratta to second
|
Batting: RHB Byron Whitehead
|
0-0: SINGLE (Line Drive, 56D, EV 99.4 MPH) Lucio Baratta to third Carlos Flores to second
|
Batting: RHB Marvin Coffey
|
0-0: Ball 1-0: Swinging Strike 1-1: Foul Ball, location: 2F 1-2: Hit by Pitch Lucio Baratta scores Carlos Flores to third Byron Whitehead to second
|
Batting: RHB Jordan Carr
|
0-0: Foul Ball, location: 2F 0-1: Ball 1-1: Ball Wild Pitch! Carlos Flores scores Byron Whitehead to third Marvin Coffey to second 2-1: Foul Ball, location: 2F 2-2: Foul Ball, location: 2F 2-2: Ball 3-2: SINGLE (Line Drive, 8RS, EV 87.5 MPH) Byron Whitehead scores Marvin Coffey to third
|
Pitching: LHP Scott Bradley
|
|
Batting: LHB Troy Davies
|
0-0: Ball 1-0: Reached on error, E1 (Groundball, 15S, EV 76.2 MPH) Marvin Coffey scores Jordan Carr to second
|
Batting: RHB Jeff Grant
|
0-0: Swinging Strike 0-1: Ball 1-1: Ball 2-1: Called Strike 2-2: Fly out, F8 (Flyball, 8RD, EV 78.8 MPH)
|
Batting: SHB Peter Faggard
|
0-0: Ball 1-0: Called Strike 1-1: SINGLE (Groundball, 6MD, EV 103.8 MPH) Jordan Carr to third Troy Davies to second Runner from 3rd tries for Home, SAFE, throw by CF to home
|
Batting: RHB Alex Zeledon
|
0-0: Ball 1-0: 3-RUN HOME RUN (Line Drive, 7D, EV 98.8 MPH), Distance : 386 ft
|
Batting: RHB Lucio Baratta
|
0-0: Called Strike 0-1: Called Strike 0-2: Strikes out swinging
|
Batting: LHB Carlos Flores
|
0-0: Swinging Strike 0-1: Ball 1-1: Called Strike 1-2: Foul Ball, location: 2F 1-2: Ball 2-2: SINGLE (Line Drive, 6MD, EV 96.2 MPH)
|
Batting: RHB Byron Whitehead
|
0-0: Called Strike 0-1: SINGLE (Groundball, 6MD, EV 96.9 MPH) Carlos Flores to second
|
Batting: RHB Marvin Coffey
|
0-0: Ground out 3-1 (Groundball, 34, EV 109.4 MPH)
|
Bottom of the 8th over - 8 runs, 8 hits, 1 error, 2 left on base; Washington State University 4 - Wichita State University 9 |
TOP OF THE 9TH |
Washington State University Cougars batting - Pitching for Wichita State University Shockers : LHP Jacob Seymour
|
Batting: LHB Rex Creswell
|
0-0: Foul Ball, location: 2F 0-1: Ball 1-1: Foul Ball, location: 2F 1-2: SINGLE (Groundball, 23, EV 72.5 MPH) (infield hit)
|
Batting: RHB Ryan Toth
|
0-0: Swinging Strike Rex Creswell steals 2nd base 0-1: Swinging Strike 0-2: Strikes out swinging
|
Batting: RHB Joe Weber
|
0-0: Called Strike 0-1: Swinging Strike 0-2: Strikes out swinging
|
Batting: LHB David Jackson
|
0-0: Ball 1-0: Fly out, F7 (Flyball, 7, EV 80.6 MPH)
|
Top of the 9th over - 0 runs, 1 hit, 0 errors, 1 left on base; Washington State University 4 - Wichita State University 9 |
|